 Dungeon Sprint DCSS version bcrawl-1.19.2-6-g6a88ae04c9 (webtiles) character file.

Game seed: 15186164621263109125

548 Freyura the Basher (level 7, -24/48 HPs)
             Began as a Gargoyle Fighter on Jan 5, 2020.
             Was an Elder of the Shining One.
             Annihilated by a white ugly thing (33 damage)
             ... in the Dungeon (Sprint IX: "|||||||||||||||||||||||||||||").
             The game lasted 00:01:46 (135 turns).

Freyura the Basher (Gargoyle Fighter)                Turns: 135, Time: 00:01:46

Health: -24/48     AC: 12    Str: 19    XL:     7   Next: 28%
Magic:  8/10       EV: 10    Int:  9    God:    the Shining One [****..]
Gold:   0          SH: 10    Dex: 11    Spells: 6/6 levels left

rFire    . . .     SeeInvis .   a - +0 flail
rCold    . . .     Gourm    .   c - +0 shield
rNeg     + + +     Faith    .   b - +0 scale mail
rPois    ∞         Spirit   .   (no helmet)
rElec    +         Reflect  .   (no cloak)
rCorr    .         Harm     .   (no gloves)
MR       .....     NoTele   +   (no boots)
Stlth    ..........             (no amulet)
HPRegen  0.16/turn              (no ring)
MPRegen  0.12/turn              (no ring)

@: glowing
A: negative energy resistance 1, electricity resistance, unbreathing,
petrification resistance, rot immunity, AC +4
a: Divine Shield, Cleansing Flame, Renounce Religion


You were in the Dungeon.
You worshipped the Shining One.
The Shining One was greatly pleased with you.
You were not hungry.

You visited 1 branch

Inventory:

Hand Weapons
 a - a +0 flail (weapon)
 n - the +2 morningstar "Kemowiho" {pain, +Fly Dex+4 Stlth+}
   (You found it in the Dungeon)

   In the hands of one skilled in necromantic magic, it inflicts extra damage on
   living creatures.
   It affects your dexterity (+4).
   It lets you fly.
   It makes you more stealthy.
   The Shining One disapproves of the use of such an item.
Armour
 b - a +0 scale mail (worn)
 c - a +0 shield (worn)
Jewellery
 o - a +3 ring of strength
 p - a +3 ring of strength
Wands
 m - a wand of iceblast (10)
Scrolls
 j - 3 scrolls of remove curse
 k - 2 scrolls of blinking
 l - 2 scrolls of amnesia
Potions
 d - a potion of might
 e - 5 potions of curing
 g - 3 potions of heal wounds
 h - a potion of haste
 i - 4 potions of magic
Comestibles
 f - a ration {!d}


   Skills:
 + Level 7.4 Fighting
 * Level 8.8 Maces & Flails
 + Level 7.2 Armour
 + Level 4.8 Dodging
 + Level 7.4 Shields
 + Level 4.0 Invocations


You had 6 spell levels left.
You didn't know any spells.
Your spell library was empty.

Dungeon Overview and Level Annotations

Branches:
Dungeon (1/1)

Altars:
Cheibriados
Dithmenos
Elyvilon
Fedhas
Gozag
Hepliaklqana
Kikubaaqudgha
Lugonu
Makhleb
Nemelex Xobeh
Okawaru
Qazlal
Ru
Sif Muna
Trog
Uskayaw
Vehumet
Wu Jian
Xom
Yredelemnul
Zin
The Shining One
Beogh
Jiyva


Innate Abilities, Weirdness & Mutations

You are resistant to torment.
Your stone body is resilient. (AC +4)
You are immune to poison.
You resist negative energy. (rN+)
You are resistant to electric shocks. (rElec)
You can survive without breathing.
You are immune to petrification.
You are immune to rotting.


Message History

The Shining One accepts your kill.
The Shining One will gift you ammunition as your piety grows.
There is an open door to the Dungeon, spattered with blood here.
Items here: ( ††† 3 stones; a necrophage corpse; a bullfrog corpse; a big kobold corpse You open the door.
You can now channel blasts of cleansing flame.
An adder, a bullfrog, an ugly thing, a troll, a cyclops and a shadow imp come into view.
The white ugly thing gurgles horribly!
The adder hisses angrily.
The bullfrog gives a loud, deep croak!
The troll shouts!
The shadow imp shouts!
The cyclops shouts!
You hit the white ugly thing but do no damage.
The white ugly thing headbutts you but does no damage. x2
You hit the white ugly thing.
The white ugly thing is lightly wounded.
The white ugly thing headbutts you.
* * * LOW HITPOINT WARNING * * *
The white ugly thing freezes you!!
Ouch! That really hurt!
You die...

▓.▓
▓.▓
▓(▓
▓.▓
▓.▓
▓.▓
▓.▓
▓.▓
▓@▓
▓u▓
▓S▓
▓F▓
▓T▓
▓5▓
▓C▓
▓.▓


You could see a white ugly thing, a cyclops, a troll, a bullfrog, an adder and a
shadow imp.

Vanquished Creatures
  A yak (D)
  An ogre (D)
  A necrophage (D)
  A bullfrog (D)
  A big kobold (D)
  A wight (D)
  2 orc wizards (D)
  A worm (D)
  A bat skeleton (D)
  A goblin (D)
  A hobgoblin (D)
  A giant cockroach zombie (D)
  A quokka zombie (D)
  2 rats (D)
16 creatures vanquished.

Notes
Turn   | Place    | Note
-------+----------+-------------------------------------------
     0 | D        | Freyura the Gargoyle Fighter began the quest for the Orb.
     0 | D        | Reached XP level 1. HP: 14/14 MP: 1/1
    18 | D        | Reached skill level 3 in Maces & Flails
    18 | D        | Reached skill level 1 in Dodging
    18 | D        | Reached XP level 2. HP: 20/20 MP: 2/2
    25 | D        | Noticed a wight
    25 | D        | Noticed an ogre
    28 | D        | Killed a wight
    28 | D        | Reached skill level 4 in Maces & Flails
    28 | D        | Reached XP level 3. HP: 24/24 MP: 3/3
    34 | D        | Reached skill level 5 in Maces & Flails
    34 | D        | Reached XP level 4. HP: 30/30 MP: 4/4
    38 | D        | Killed an ogre
    38 | D        | Reached skill level 5 in Fighting
    38 | D        | Reached skill level 6 in Maces & Flails
    38 | D        | Reached skill level 5 in Armour
    38 | D        | Reached skill level 5 in Shields
    38 | D        | Reached XP level 5. HP: 36/36 MP: 5/5
    53 | D        | Found a roughly hewn altar of Beogh.
    53 | D        | Found a snail-covered altar of Cheibriados.
    53 | D        | Found a shadowy altar of Dithmenos.
    53 | D        | Found a white marble altar of Elyvilon.
    53 | D        | Found a blossoming altar of Fedhas.
    53 | D        | Found an opulent altar of Gozag.
    54 | D        | Found a hazy altar of Hepliaklqana.
    55 | D        | Found a viscous altar of Jiyva.
    56 | D        | Found an ancient bone altar of Kikubaaqudgha.
    57 | D        | Found a corrupted altar of Lugonu.
    58 | D        | Found a burning altar of Makhleb.
    59 | D        | Found a sparkling altar of Nemelex Xobeh.
    60 | D        | Found an iron altar of Okawaru.
    61 | D        | Found a stormy altar of Qazlal.
    62 | D        | Found a sacrificial altar of Ru.
    63 | D        | Found a shimmering blue altar of Sif Muna.
    64 | D        | Found a bloodstained altar of Trog.
    65 | D        | Found a hide-covered altar of Uskayaw.
    66 | D        | Found a radiant altar of Vehumet.
    67 | D        | Found an ornate altar of the Wu Jian Council.
    68 | D        | Found a shimmering altar of Xom.
    69 | D        | Found a basalt altar of Yredelemnul.
    70 | D        | Found a glowing silver altar of Zin.
    71 | D        | Found a glowing golden altar of the Shining One.
    79 | D        | Became a worshipper of the Shining One
    89 | D        | Got the +2 morningstar "Kemowiho" {pain, +Fly Dex+4 Stlth+}
    99 | D        | Noticed a big kobold
    99 | D        | Noticed a yak
    99 | D        | Reached * piety under the Shining One
    99 | D        | Noticed a bullfrog
    99 | D        | Noticed a necrophage
    99 | D        | Reached ** piety under the Shining One
   104 | D        | Killed a big kobold
   104 | D        | Reached skill level 7 in Maces & Flails
   104 | D        | Reached skill level 1 in Invocations
   104 | D        | Reached XP level 6. HP: 40/42 MP: 5/7
   113 | D        | Killed a yak
   113 | D        | Reached skill level 8 in Maces & Flails
   118 | D        | Reached XP level 7. HP: 11/48 MP: 6/9
   125 | D        | Reached *** piety under the Shining One
   133 | D        | Noticed a white ugly thing
   133 | D        | Noticed a troll
   133 | D        | Reached **** piety under the Shining One
   133 | D        | Noticed a cyclops
   135 | D        | Annihilated by a white ugly thing

Skill      XL: |  1  2  3  4  5  6  7 |
---------------+----------------------+-----
Maces & Flails | 3 4 5 6 7 8 |  8.8
Dodging        | 1 2 3 4 |  4.8
Fighting       | 4 5 6 7 |  7.4
Armour         | 4 5 6 7 |  7.2
Shields        | 4 5 6 7 |  7.4
Invocations    | 1 3 4 |  4.0

Action                   |  1- 3 |  4- 6 |  7- 9 || total
-------------------------+-------+-------+-------++-------
Melee: Flail             |    23 |    31 |     9 ||    63
  Use: Potion            |     1 |       |       ||     1
Armor: Scale mail        |     5 |    13 |     3 ||    21
Dodge: Dodged            |     6 |     5 |     1 ||    12
Block: Shield            |     6 |    10 |     3 ||    19
